 Dungeon Crawl Stone Soup version 0.30-a0-986-g7f2e898f52 (webtiles) character file.

Game seed: 4127804637375155878

1400 senseless the Trooper (level 8, -5/83 HPs)
             Began as an Ogre Reaver on Apr 1, 2023.
             Was a Follower of Qazlal.
             Killed from afar by Maggie (14 damage)
             ... with a bolt of fire
             ... on level 6 of the Dungeon.
             The game lasted 00:18:15 (6149 turns).

senseless the Trooper (Ogre Reaver)                 Turns: 6149, Time: 00:18:16

Health: -5/83      AC:  5    Str: 17    XL:     8   Next: 69%
Magic:  15/15      EV: 10    Int: 16    God:    Qazlal [*.....]
Gold:   102        SH:  2    Dex:  7    Spells: 16/17 levels left

rFire   . . .      SeeInvis .    a - +3 hand axe (spect)
rCold   . . .      Faith    .    (no shield)
rNeg    . . .      Spirit   .    s - +2 robe
rPois   .          Reflect  .    (helmet restricted)
rElec   .          Rampage  .    (no cloak)
rCorr   .                        (gloves unavailable)
Will    +....                    (boots unavailable)
Stlth   +                        (no amulet)
HPRegen 0.33/turn                l - ring of willpower
MPRegen 0.14/turn                (no ring)

@: no status effects
A: large, unfitting armour, tough skin 1
a: Renounce Religion


You were on level 6 of the Dungeon.
You worshipped Qazlal.
Qazlal was aware of your devotion.
You visited 1 branch of the dungeon, and saw 6 of its levels.

You collected 302 gold pieces.
You spent 200 gold pieces at shops.

Inventory:

Hand Weapons
 a - a +3 spectral hand axe (weapon)
 b - a +2 arbalest of electrocution
 v - a +0 shortbow
Armour
 d - a +0 tower shield
 j - the +1 robe of the Game Afoot {*Slow Will++ rCorr}
   (You found it on level 6 of the Dungeon)

   rCorr:     It protects you from acid and corrosion.
   *Slow:     It may slow you when you take damage.
   Will:      It greatly increases your willpower.
 s - a +2 robe (worn)
Jewellery
 l - a ring of willpower (left hand)
Scrolls
 f - a scroll of fog
 g - 2 scrolls of amnesia
 h - a scroll of vulnerability
 i - 4 scrolls of teleportation
Potions
 c - a potion of lignification {unknown}
 e - 3 potions of curing
 k - 3 potions of degeneration {unknown}
 m - a potion of heal wounds
 n - a potion of might
 o - a potion of berserk rage
 q - a potion of mutation
 r - a potion of attraction
 w - a potion of flight


   Skills:
 + Level 5.8 Fighting
 + Level 4.9 Axes
 + Level 2.0 Ranged Weapons
 + Level 4.0 Dodging
 + Level 5.0 Spellcasting
 + Level 4.5 Conjurations
 + Level 3.5 Necromancy


You had 16 spell levels left.
You knew the following spells:

 Your Spells              Type           Power      Damage    Failure   Level
a - Kiss of Death         Conj/Necr      64%        2d10      3%          1

Your spell library contained the following spells:

 Spells                   Type           Power      Damage    Failure   Level
 Shock                    Conj/Air       44%        1d5       6%          1
 Momentum Strike          Conj/Tloc      22%        3d8       9%          2
 Sting                    Tmut/Pois      16%        1d3       16%         1
 Hailstorm                Conj/Ice       11%        3d5       19%         3
 Blink                    Tloc           8%         N/A       22%         2
 Poisonous Vapours        Pois/Air       8%         N/A       22%         2
 Ozocubu's Armour         Ice            4%         N/A       41%         3
 Swiftness                Air            4%         N/A       41%         3
 Airstrike                Air            2%         2d(1-17)  83%         4
 Olgreb's Toxic Radiance  Pois           4%         N/A       83%         4
 Summon Lightning Spire   Summ/Air       4%         N/A       83%         4
 Haunt                    Necr/Summ      4%         N/A       100%        7
 Ozocubu's Refrigeration  Ice            2%         4d7       100%        7
 Summon Hydra             Summ           2%         N/A       100%        7


Dungeon Overview and Level Annotations

Branches:
Dungeon (6/15)
 Temple: D:4-7

Altars:
Qazlal
Ru
Xom
The Shining One

Shops:
D:2 (

Annotations:
D:6 Maggie


Innate Abilities, Weirdness & Mutations

You are too large for most types of armour.
You have tough skin. (AC +1)


Message History

The bolt of fire misses you.
You hit Maggie.
Maggie is moderately wounded.
Your +3 spectral hand axe hits Maggie but does no damage.
Maggie casts a spell.
Maggie attempts to bespell you! You resist with some effort.
You closely miss Maggie.
Maggie is moderately wounded.
Your +3 spectral hand axe closely misses Maggie.
Maggie hits you with a +2 heavy broad axe!!
Maggie barely misses your +3 spectral hand axe.
You barely miss Maggie.
Maggie is moderately wounded.
Your +3 spectral hand axe misses Maggie.
Maggie closely misses you.
Maggie completely misses your +3 spectral hand axe.
You hit Maggie.
Maggie is moderately wounded.
Your +3 spectral hand axe closely misses Maggie.
You hit Maggie.
Maggie is heavily wounded.
Your +3 spectral hand axe hits Maggie.
Maggie barely misses you.
Maggie closely misses your +3 spectral hand axe.
You barely miss Maggie.
Maggie is heavily wounded.
Your +3 spectral hand axe closely misses Maggie.
Maggie gives herself a magical halo, but it quickly sputters out.
Maggie hits you with a +2 heavy broad axe!!!
Ouch! That really hurt!
* * * LOW HITPOINT WARNING * * *
Maggie hits your +3 spectral hand axe with a +2 heavy broad axe.
Your spectral weapon shares its damage with you!
* * * LOW HITPOINT WARNING * * *
You hear a bark!
Maggie casts a spell.
Maggie attempts to bespell you! You resist with almost no effort.
You see here a +0 hand axe.
Maggie points at you and mumbles some strange words.
The bolt of fire hits you!
You die...

#### ...... ... ...# ......#.
#...###.# ...# .......#.#
######...#...# ...# ..........
#............#.. ...###..........
....>...........
................##.####..........
.................#.# #.@........
.................#.####.#........
................@...).#.#........
###..............#.##@#..........
.................#.#........#####
###..............#.#...........
.............#.#.#.#...........
###....#######.#...##.....#....
###....# #.######.....#....
....##########............# #..
..............######......# ##


You could see Maggie (strong).

Vanquished Creatures
  An ice beast (D:6)
  An ogre (D:5)
  3 centaurs
  2 phantoms
  A scorpion (D:4)
  2 quasits
  5 orc priests
  2 hounds (D:5)
  A jelly (D:6)
  A gnoll bouda (D:4)
  3 iguanas
  Terence (D:2)
  2 orc wizards (D:4)
  3 gnolls
  5 adders
  6 shadow imps
  9 white imps
  2 ufetubi (D:5)
  3 worms
  15 orcs
  A bat (D:3)
  5 endoplasms
  2 giant cockroaches
  5 goblins
  6 hobgoblins
  6 jackals (D:4)
  3 kobolds
  4 quokkas
  7 ball pythons
  7 rats
114 creatures vanquished.

Vanquished Creatures (others)
  A demonic plant (D:5)
  5 plants (D:1)
6 creatures vanquished.

Grand Total: 120 creatures vanquished

Notes
Turn   | Place    | Note
-------+----------+-------------------------------------------
     0 | D:1      | senseless the Ogre Reaver began the quest for the Orb.
     0 | D:1      | Reached XP level 1. HP: 22/22 MP: 3/3
   267 | D:1      | Reached XP level 2. HP: 24/29 MP: 5/5
  1054 | D:2      | Reached XP level 3. HP: 34/37 MP: 7/7
  1070 | D:2      | Found Gekuutz's Weapon Shop.
  1100 | D:2      | Got the Secrets of the Wayfarer and Illusion
  1164 | D:2      | Noticed Terence
  1183 | D:2      | Killed Terence
  1184 | D:2      | Reached skill level 1 in Necromancy
  1864 | D:3      | Reached XP level 4. HP: 34/34 MP: 8/8
  2021 | D:3      | Noticed a centaur
  2035 | D:3      | Killed a centaur
  2036 | D:3      | Reached XP level 5. HP: 4/37 MP: 4/9
  3135 | D:4      | Found a sacrificial altar of Ru.
  3447 | D:4      | Found a stormy altar of Qazlal.
  3447 | D:4      | Found a glowing golden altar of the Shining One.
  3456 | D:4      | Became a worshipper of Qazlal Stormbringer
  3481 | D:4      | Reached XP level 6. HP: 26/52 MP: 11/11
  3545 | D:4      | HP: 1/55 [orc/+0 trident (6)]
  3804 | D:2      | Bought a +1 arbalest of electrocution for 200 gold pieces
  4366 | D:5      | Entered Level 5 of the Dungeon
  4536 | D:4      | Reached XP level 7. HP: 46/71 MP: 12/12
  4862 | D:5      | Reached skill level 1 in Ranged Weapons
  4871 | D:5      | Reached skill level 5 in Fighting
  5017 | D:5      | Reached * piety under Qazlal
  5063 | D:5      | Found a shimmering altar of Xom.
  5073 | D:5      | Reached XP level 8. HP: 77/80 MP: 14/14
  5859 | D:6      | Reached skill level 5 in Spellcasting
  5863 | D:6      | Identified the +1 robe of the Game Afoot {*Slow Will++
                  | rCorr}
  6123 | D:6      | Noticed Maggie
  6136 | D:6      | HP: 4/83 [Maggie/+2 heavy broad axe (1)]
  6149 | D:6      | Killed from afar by Maggie

Illustrated notes

Levels and vault maps discovered:
D:1:      dpeg_arrival_short_road, layout_basic, serial_forest,
          infiniplex_forest_clump_double, infiniplex_forest_lined_3,
          infiniplex_forest_lined_2, infiniplex_forest_clump_long,
          infiniplex_forest_straight_2, infiniplex_forest_diagonal
D:2:      layout_basic, serial_shops, shop, minmay_misc_feat_ornament,
          minmay_door_square, uniq_terence
D:3:      layout_loops_corners, st_stairs_12, minmay_close_crescents
D:4:      layout_loops_ring, nicolae_ru_great_annihilating_truth,
          gammafunk_temple_overflow_wave
D:5:      layout_gridville, lemuel_doored_altar, serial_demonic,
          serial_demonic_e, serial_demonic_a, serial_demonic_b,
          serial_demonic_e, serial_demonic_a, serial_demonic_d,
          serial_demonic_f, serial_demonic_d, serial_demonic_b, serial_demonic_e
D:6:      layout_basic, nicolae_overflow_squiral, roderic_roman_lattice,
          uniq_duvessa, uniq_maggie

Skill      XL: |  1  2  3  4  5  6  7  8 |
---------------+-------------------------+-----
Fighting       | 3 4 5 |  5.8
Dodging        | 2 3 4 |  4.0
Spellcasting   | 3 4 5 |  5.0
Necromancy     | 1 2 3 |  3.5
Conjurations   | 3 4 |  4.5
Axes           | 4 |  4.9
Ranged Weapons | 1 2 |  2.0

Action                     |  1- 3 |  4- 6 |  7- 9 || total
---------------------------+-------+-------+-------++-------
  Melee: Hand axe          |    79 |   117 |   103 ||   299
         Punch             |       |     1 |     1 ||     2
   Fire: Shortbow          |       |    44 |       ||    44
         Arbalest          |       |     9 |    56 ||    65
  Throw: Boomerang         |    20 |     7 |       ||    27
   Cast: Kiss of Death     |     3 |     3 |       ||     6
    Use: Scroll            |       |    18 |     3 ||    21
   Stab: Invisible         |       |     1 |       ||     1
         Distracted        |       |       |     1 ||     1
 Armour: Robe              |    19 |    33 |    36 ||    88
  Dodge: Dodged            |    33 |    72 |    66 ||   171
  Block: Other             |       |       |     5 ||     5

Table legend: (Time is in decaauts)
 A = Elapsed time spent in this place.
 B = Non-inter-level travel time spent in this place.
 C = Inter-level travel time spent in this place.
 D = Time resting spent in this place.
 E = Time spent auto-exploring this place.
 F = Levels seen in this place.
 G = Mean time per level.
                   A        B        C        D        E       F      G
               +--------+--------+--------+--------+--------+-----+--------+
         Total |   6242 |   5930 |    312 |    374 |   4612 |   6 | 1040.3 |
       Dungeon |   6242 |   5930 |    312 |    374 |   4612 |   6 | 1040.3 |
               +--------+--------+--------+--------+--------+-----+--------+

Top non-repeatable levels by time:
     D:4: 1691 daAuts
     D:3: 1189 daAuts
     D:2: 998 daAuts
     D:1: 897 daAuts
     D:5: 881 daAuts
     D:6: 583 daAuts
